 Dungeon Crawl Stone Soup version 0.29-a0-1052-g6990b1bffc (webtiles) character file.

Game seed: 11813136352173862050

2482 SirStoves the Conjurer (level 9, 0/62 HPs)
             Began as a Demigod Conjurer on Aug 17, 2022.
             Slain by an orc warrior
             ... wielding a +0 scimitar
              (19 damage)
             ... on level 9 of the Dungeon.
             The game lasted 00:35:52 (7628 turns).

SirStoves the Conjurer (Demigod Conjurer)           Turns: 7628, Time: 00:35:53

Health: 0/62       AC:  5    Str:  8    XL:     9   Next: 6%
Magic:  5/20       EV: 14    Int: 32    God:
Gold:   407        SH:  0    Dex: 12    Spells: 8/18 levels left

rFire   . . .      SeeInvis .   t - staff of poison
rCold   . . .      Faith    .   (no shield)
rNeg    . . .      Spirit   .   a - +1 robe
rPois   +          Reflect  .   (no helmet)
rElec   .          Harm     .   (no cloak)
rCorr   .          Rampage  .   d - +0 pair of gloves
Will    .....                   l - +0 pair of boots
Stlth   ++........              (no amulet)
HPRegen 0.20/turn               o - ring of fire
MPRegen 0.17/turn               p - ring of ice

@: no status effects
A: high MP 1, forlorn, divine attributes
a: no special abilities


You were on level 9 of the Dungeon.
You visited 1 branch of the dungeon, and saw 10 of its levels.

You collected 407 gold pieces.

Inventory:

Armour
 a - a +1 robe (worn)
 d - a +0 pair of gloves (worn)
 l - a +0 pair of boots (worn)
Magical Staves
 t - a staff of poison (weapon)
Jewellery
 o - a ring of fire (left hand)
 p - a ring of ice (right hand)
Wands
 w - a wand of iceblast (15)
Scrolls
 f - a scroll of enchant armour
 g - a scroll of brand weapon
 h - a scroll of noise {unknown}
 i - a scroll of magic mapping {unknown}
 j - 3 scrolls of enchant weapon
 r - 2 scrolls of amnesia
 s - a scroll of summoning {unknown}
Potions
 b - a potion of magic
 c - a potion of attraction {unknown}
 e - 3 potions of flight
 k - a potion of brilliance
 n - a potion of invisibility {unknown}
 u - a potion of haste {unknown}
 v - a potion of resistance {unknown}


   Skills:
 + Level 3.7 Staves
 + Level 5.5 Dodging
 - Level 1.7 Stealth
 - Level 5.0 Spellcasting
 + Level 6.4 Conjurations
 * Level 3.5 Translocations
 + Level 4.0 Evocations


You had 8 spell levels left.
You knew the following spells:

 Your Spells              Type           Power      Damage    Failure   Level
a - Magic Dart            Conj           100%       1d8       1%          1
b - Searing Ray           Conj           98%        2d8       1%          2
c - Dazzling Flash        Conj/Hex       56%        N/A       4%          3
d - Iskenderun's Mystic   Conj/Tloc      39%        2d9       7%          4

Your spell library contained the following spells:

 Spells                   Type           Power      Damage    Failure   Level
 Sandblast                Erth           16%        2d6       4%          1
 Stone Arrow              Conj/Erth      56%        3d10      4%          3
 Passwall                 Tmut/Erth      6%         N/A       8%          2
 Fulminant Prism          Conj/Hex       14%        3d9       14%         4
 Summon Guardian Golem    Hex/Summ       8%         N/A       16%         3
 Agony                    Necr           8%         N/A       80%         5
 Silence                  Hex/Air        4%         N/A       80%         5
 Orb of Destruction       Conj           24%        9d9       97%         7
 Spellforged Servitor     Conj/Summ      14%        N/A       100%        7


Dungeon Overview and Level Annotations

Branches:
Dungeon (10/15)
 Temple: D:4-7         Lair: D:8-11         Orc: D:9-12

Shops:
D:10 (

Annotations:
D:3 Robin
D:10 Snorg


Innate Abilities, Weirdness & Mutations

You have an increased reservoir of magic. (+10% MP)
You shall have no god before yourself.
Your divine heritage dramatically boosts your attributes as you level up.


Message History

The searing ray hits the orc warrior!
The orc warrior is severely wounded.
The searing ray hits the orc.
The orc is almost dead. (Press . to maintain the ray.)
The orc warrior hits you with a +0 scimitar!
The searing ray hits the orc warrior.
The orc warrior is almost dead.
The searing ray hits the orc.
You kill the orc!
The orc warrior hits you with a +0 scimitar!
The searing ray hits the orc warrior.
The orc warrior is almost dead.
A troll comes into view.
The orc warrior hits you with a +0 scimitar!!
* * * LOW HITPOINT WARNING * * *
You feel better. The orc warrior misses you.
Casting: Searing Ray (safe; 1% risk of failure)
Confirm with . or Enter, or press ? or * to list all spells.
Casting: Dazzling Flash (dangerous; 4% risk of failure)
Press: ? - help, Dir - look around, f - activate Look: an orc, wielding a +0 mace (chance to dazzle: 74%)
The orc is dazzled.
The orc warrior is dazzled.
The orc warrior barely misses you. The orc barely misses you.
The air fills with toxic fumes!
As you read the scroll labelled MOWUZO XUZ VYXA, it crumbles to dust.
It was a scroll of poison.
The orc warrior misses you.
Casting: Dazzling Flash (dangerous; 4% risk of failure)
Confirm with . or Enter, or press ? or * to list all spells.
Aiming: Searing Ray (safe; 1% risk of failure)
Press: ? - help, Shift-Dir - straight line, f - orc warrior, p - orc
Aim: an orc warrior, wielding a +0 scimitar and wearing a +0 plate armour (almost dead, blind, 83% to hit)
The searing ray hits the orc warrior.
The orc warrior is almost dead.
The searing ray hits the orc!
You kill the orc! (Press . to maintain the ray.)
The troll is poisoned.
The orc warrior hits you with a +0 scimitar!!
You die...

......)....
§§§.........
####§§§.........
#§§§)§§.........
#§§T§....|......
#########
#+##§§§...)........
......... #§.§)#
.<........ .........
+§#o§#
############+##§@§§#
.........§§§§§§§§§§#
......##.§§§§§§§§§§#
.........§§§§§§§§§§§§..
.........§§§§§§§§§§§§§.
#######################


You could see a troll (poisoned) and an orc warrior (blind).

Vanquished Creatures
  A hornet (D:8)
  A wraith (D:9)
  2 yaks (D:8)
  2 black bears
  3 ice beasts
  An ogre (D:4)
  2 kobold brigands
  2 scorpions (D:5)
  A bullfrog (D:7)
  6 killer bees (D:10)
  4 howler monkeys
  4 orc priests
  A hound (D:6)
  3 iron imps (D:9)
  An iguana (D:5)
  Jessica (D:3)
  5 orc wizards
  3 gnolls (D:5)
  4 adders
  2 ufetubi (D:5)
  A worm (D:2)
  2 dart slugs
  23 orcs
  3 ball pythons
  3 endoplasms
  3 giant cockroaches
  7 goblins
  6 hobgoblins
  6 jackals
  3 quokkas
  4 bats
  4 frilled lizards
  8 kobolds
  2 rats
124 creatures vanquished.

Vanquished Creatures (others)
  A goblin (D:3)
1 creature vanquished.

Grand Total: 125 creatures vanquished

Notes
Turn   | Place    | Note
-------+----------+-------------------------------------------
     0 | D:1      | SirStoves the Demigod Conjurer began the quest for the Orb.
     0 | D:1      | Reached XP level 1. HP: 14/14 MP: 5/5
   696 | D:1      | Reached XP level 2. HP: 20/20 MP: 5/7
   985 | D:2      | Learned a level 2 spell: Searing Ray
  1359 | D:2      | Reached XP level 3. HP: 26/26 MP: 4/8
  1809 | D:2      | You fall into a shaft and drop 2 floors!
  2119 | D:3      | Reached skill level 4 in Conjurations
  2167 | D:3      | Noticed Jessica
  2172 | D:3      | Killed Jessica
  2222 | D:3      | Identified the +5 long sword "Cuduc" {vorpal, Fragile Fly
                  | rC+ Str+6}
  2335 | D:3      | Reached XP level 4. HP: 33/33 MP: 2/10
  2347 | D:3      | Reached skill level 1 in Evocations
  2551 | D:3      | Noticed Robin
  2659 | D:4      | Learned a level 3 spell: Dazzling Flash
  2738 | D:4      | Reached skill level 1 in Staves
  2856 | D:4      | Noticed an ogre
  2921 | D:4      | Killed an ogre
  2922 | D:4      | Reached XP level 5. HP: 23/38 MP: 3/12
  3603 | D:5      | Entered Level 5 of the Dungeon
  3612 | D:5      | Reached XP level 6. HP: 29/45 MP: 4/13
  3861 | D:5      | Reached skill level 5 in Conjurations
  4056 | D:5      | Reached XP level 7. HP: 27/50 MP: 4/15
  5859 | D:7      | Reached XP level 8. HP: 57/57 MP: 2/18
  5892 | D:8      | Learned a level 4 spell: Iskenderun's Mystic Blast
  6059 | D:8      | Reached skill level 5 in Dodging
  6059 | D:8      | Reached skill level 1 in Translocations
  6061 | D:8      | Reached skill level 6 in Conjurations
  6254 | D:8      | Noticed a hornet
  6259 | D:8      | Killed a hornet
  6260 | D:8      | Reached skill level 5 in Spellcasting
  6359 | D:8      | You fall into a shaft and drop 2 floors!
  6359 | D:10     | Entered Level 10 of the Dungeon
  6425 | D:10     | Found Xyxtiaz's Antique Weapon Emporium.
  6709 | D:10     | Noticed Snorg
  6812 | D:10     | Noticed a troll
  7135 | D:9      | Reached XP level 9. HP: 57/62 MP: 10/20
  7628 | D:9      | Slain by an orc warrior

Illustrated notes

Levels and vault maps discovered:
D:1:      dpeg_arrival_fog, layout_basic, minmay_fountain_box,
          amcnicky_mini_corridor_feature
D:2:      layout_basic, hellmonk_ecumenical_altar_pennies_from_heaven
D:3:      layout_loops_ring, moated_statue, minmay_joined_circles, uniq_jessica,
          uniq_robin
D:4:      layout_loops_cross, hangedman_decor_peaks_small
D:5:      layout_rooms, mainiacjoe_overflow_brackets, wad_floor_pattern_2
D:6:      layout_basic
D:7:      layout_basic, nicolae_yredelemnul_corpse_copse,
          minmay_temple_entry_wispy
D:8:      layout_cave_pods, mainiacjoe_overflow_catch_the_wave
D:9:      layout_stronghold, demons_altar, orc_0_dummy
D:10:     minmay_the_grid_octo_2x2 [minmay_the_grid_octo_chip,
          minmay_the_grid_octo_horde, minmay_the_grid_octo_shrine,
          minmay_the_grid_octo_prize_single_spiral], layout_loops_corners,
          serial_shops, nicolae_stop_n_shop_1, kennysheep_nondescript,
          hangedman_minor_magic, uniq_snorg

Skill      XL: |  1  2  3  4  5  6  7  8 |
---------------+-------------------------+-----
Dodging        | 2 3 4 5 |  5.5
Spellcasting   | 2 3 4 5 |  5.0
Conjurations   | 4 5 6 |  6.4
Evocations     | 1 2 4 |  4.0
Staves         | 1 2 3 |  3.7
Translocations | 3 |  3.5
Stealth        | |  1.7

Action                   |  1- 3 |  4- 6 |  7- 9 || total
-------------------------+-------+-------+-------++-------
Melee: Quarterstaff      |     2 |    10 |     4 ||    16
       Staff             |       |       |     6 ||     6
 Cast: Magic Dart        |    73 |   104 |   112 ||   289
       Searing Ray       |       |     9 |    30 ||    39
       Dazzling Flash    |       |       |     1 ||     1
Evoke: Wand              |       |       |     1 ||     1
  Use: Scroll            |       |    11 |     7 ||    18
       Potion            |       |     2 |     3 ||     5
Armor: Robe              |     4 |     8 |     9 ||    21
Dodge: Dodged            |     4 |    19 |    44 ||    67

Table legend: (Time is in decaauts)
 A = Elapsed time spent in this place.
 B = Non-inter-level travel time spent in this place.
 C = Inter-level travel time spent in this place.
 D = Time resting spent in this place.
 E = Time spent auto-exploring this place.
 F = Levels seen in this place.
 G = Mean time per level.
                   A        B        C        D        E       F      G
               +--------+--------+--------+--------+--------+-----+--------+
         Total |   7630 |   7429 |    201 |    818 |   5493 |  10 |  763.0 |
       Dungeon |   7630 |   7429 |    201 |    818 |   5493 |  10 |  763.0 |
               +--------+--------+--------+--------+--------+-----+--------+

Top non-repeatable levels by time:
     D:2: 1125 daAuts
     D:4: 1087 daAuts
     D:5: 1004 daAuts
     D:6: 879 daAuts
     D:1: 860 daAuts
     D:9: 788 daAuts
     D:3: 533 daAuts
     D:8: 486 daAuts
    D:10: 479 daAuts
     D:7: 386 daAuts
